 Dungeon Crawl Stone Soup version 0.25-a0-308-geac7954 (webtiles) character file.

Game seed: 350671687584258629, levelgen mode: deterministic

3348 Firecrotchwizard the Carver (level 9, -2/82 HPs)
             Began as a Minotaur Gladiator on Dec 23, 2019.
             Was a Follower of Makhleb.
             Slain by a human
             ... wielding a +0 hand axe
              (6 damage)
             ... on level 7 of the Dungeon.
             The game lasted 00:09:52 (5311 turns).

Firecrotchwizard the Carver (Minotaur Gladiator)    Turns: 5311, Time: 00:09:52

Health: -2/82      AC: 11    Str: 19    XL:     9   Next: 72%
Magic:  9/10       EV: 11    Int:  5    God:    Makhleb [*.....]
Gold:   171        SH:  0    Dex: 15    Spells: 8/8 levels left

rFire    . . .     SeeInvis .   a - +1 long sword
rCold    . . .     Gourm    .   (no shield)
rNeg     . . .     Faith    +   B - +0 chain mail
rPois    .         Spirit   .   c - +0 hat
rElec    .         Reflect  .   (no cloak)
rCorr    .         Harm     .   (no gloves)
MR       .....                  k - +0 pair of boots
Stlth    ..........             r - amulet of faith {Faith, !P}
HPRegen  0.23/turn              A - +1 ring of protection
MPRegen  0.12/turn              (no ring)

@: no status effects
A: retaliatory headbutt, horns 2
a: Renounce Religion


You were on level 7 of the Dungeon.
You worshipped Makhleb.
Makhleb was aware of your devotion.
You were not hungry.

You visited 2 branches of the dungeon, and saw 8 of its levels.

You collected 369 gold pieces.
You spent 198 gold pieces at shops.

Inventory:

Hand Weapons
 a - a +1 long sword (weapon)
Missiles
 d - 3 throwing nets {=f, !d}
Armour
 b - a +0 leather armour
 c - a +0 hat (worn)
 k - a +0 pair of boots (worn)
   (You found it on level 1 of the Dungeon)
 p - a +0 ring mail
   (You found it on level 1 of the Dungeon)
 z - a +0 scale mail
   (You bought it in a shop on level 5 of the Dungeon)
 B - a +0 chain mail (worn)
   (You found it on level 6 of the Dungeon)
Jewellery
 r - an amulet of faith (around neck) {Faith, !P}
   (You found it on level 2 of the Dungeon)
 y - an uncursed amulet of regeneration {+regen, !d}
   (You bought it in a shop on level 5 of the Dungeon)
 A - a +1 ring of protection (left hand)
   (You found it on level 5 of the Dungeon)
Wands
 i - a wand of acid (5)
   (You found it on level 4 of the Dungeon)
 E - a wand of polymorph (10)
   (You found it on level 7 of the Dungeon)
Scrolls
 g - a scroll of blinking {unknown}
 h - 3 scrolls of remove curse
 j - a scroll of enchant weapon
 l - 3 scrolls of identify
 t - a scroll of fog
 u - 2 scrolls of teleportation
 v - 4 scrolls of random uselessness
Potions
 e - a potion of agility
 m - 2 potions of degeneration {unknown}
 n - 3 potions of might {unknown}
 o - a potion of heal wounds {unknown}
 q - 2 potions of ambrosia {unknown}
 s - 8 potions of curing {unknown}
 w - a potion of cancellation {unknown}
 x - 3 potions of resistance {unknown}
 C - a potion of lignification {unknown}
Comestibles
 f - 8 rations


   Skills:
 + Level 8.4 Fighting
 * Level 11.8 Long Blades
 - Level 2.0 Throwing
 + Level 3.2 Armour
 - Level 7.3 Dodging
 + Level 2.7 Invocations


You had 8 spell levels left.
You didn't know any spells.
Your spell library contained the following spells:

 Spells                   Type           Power        Failure   Level  Hunger
 Foxfire                  Conj/Fire      #...         99%         1    ##.....
 Conjure Flame            Conj/Fire      #.......     100%        3    ####...
 Inner Flame              Hex/Fire       #.......     100%        3    ####...
 Sticky Flame             Conj/Fire      #.......     100%        4    #####..
 Fireball                 Conj/Fire      #.........   100%        5    ######.


Dungeon Overview and Level Annotations

Branches:
Dungeon (7/15)             Temple (1/1) D:5

Altars:
Ashenzari
Cheibriados
Dithmenos
Elyvilon
Fedhas
Gozag
Hepliaklqana
Kikubaaqudgha
Makhleb
Nemelex Xobeh
Okawaru
Qazlal
Ru
Sif Muna
Trog
Uskayaw
Vehumet
Wu Jian
Xom
Yredelemnul
Zin
The Shining One

Shops:
D:5 *   D:7 *

Annotations:
D:5 1 runed translucent door, Crazy Yiuf


Innate Abilities, Weirdness & Mutations

You reflexively headbutt those who attack you in melee.
You have a pair of horns on your head.


Message History

You slash the eye of draining! You headbutt the eye of draining!
You hit the eye of draining. You slash the eye of draining!
You headbutt the eye of draining, but do no damage.
You slash the eye of draining!
You kill the eye of draining!
Makhleb accepts your kill.
No target in view!
You start resting.
MP restored: 9 You open the door. 3 hogs and a human come into view.
The hog squeals angrily. x2; The human shouts!
A hog comes into view.
The hog squeals angrily.
The hog closely misses you.
You barely miss the hog. You barely miss the human. You headbutt the human.
The hog bites you.
You take 6 damage, and have 75/81 hp.
You closely miss the human. The human hits you with a +0 hand axe.
The hog closely misses you.
You barely miss the human. The human hits you with a +0 hand axe!
The hog bites you.
You take 8 damage, and have 67/81 hp.
You barely miss the human. Your headbutt misses the human. The hog misses you.
The human hits you with a +0 hand axe.
You take 4 damage, and have 63/81 hp.
You slash the human! The hog bites you. The human hits you with a +0 hand axe.
You take 8 damage, and have 55/81 hp.
You are too injured to fight recklessly!
You are too injured to fight recklessly!
You are too injured to fight recklessly!
The hog bites you.
You take 3 damage, and have 52/81 hp.
The hog bites you but does no damage. The hog bites you!
The hog bites you but does no damage.
You take 10 damage, and have 43/81 hp.
The hog misses you. The hog bites you.
You take 2 damage, and have 42/81 hp.
The hog bites you but does no damage. The hog bites you.
You take 4 damage, and have 39/81 hp.
The hog bites you but does no damage. The hog barely misses you.
You riposte.
You slash the hog! You hit the hog. You headbutt the hog!
The hog barely misses you.
You riposte.
You slash the hog! You slash the hog!
You kill the hog!
Makhleb accepts your kill.
Your Invocations skill increases to level 2!
You closely miss the hog. You slash the hog! You headbutt the hog!
You kill the hog!
Makhleb accepts your kill.
You slash the hog! Your headbutt misses the hog.
The hog bites you but does no damage.
You hit the hog but do no damage. The hog bites you!
You take 8 damage, and have 33/81 hp.
You hit the hog. Your headbutt misses the hog. The hog barely misses you.
You slash the hog! The hog bites you.
You take 1 damage, and have 32/81 hp.
You hit the hog. The hog bites you!
You take 7 damage, and have 25/81 hp.
You slash the hog!
You kill the hog!
Makhleb accepts your kill.
Your Armour skill increases to level 3!
You slash the hog! You headbutt the hog. You closely miss the hog.
The hog bites you but does no damage.
You closely miss the hog. You headbutt the hog! The hog bites you!
* * * LOW HITPOINT WARNING * * *
The hog closely misses you. You furiously retaliate!
You headbutt the hog.
You take 8 damage, and have 18/82 hp.
You completely miss the hog. The hog bites you.
* * * LOW HITPOINT WARNING * * *
You take 1 damage, and have 17/82 hp.
Your chain mail prevents you from hitting the hog.
The hog bites you.
* * * LOW HITPOINT WARNING * * *
You barely miss the hog. You headbutt the hog. The hog barely misses you.
You riposte.
You closely miss the hog. You barely miss the hog. The hog bites you.
* * * LOW HITPOINT WARNING * * *
You take 5 damage, and have 12/82 hp.
You hit the hog. Your headbutt misses the hog.
The hog bites you but does no damage.
You hit the hog but do no damage. The hog bites you!
* * * LOW HITPOINT WARNING * * *
You take 9 damage, and have 3/82 hp.
You closely miss the hog. The hog closely misses you.
You riposte.
You hit the hog. You headbutt the hog. You slash the hog!
You kill the hog!
Makhleb accepts your kill.
You slash the human! The human closely misses you.
You hit the human. You headbutt the human. You hit the human but do no damage.
Your headbutt misses the human. The human hits you with a +0 hand axe.
You die...

# # # # #####################
#####
................@p..#########...#
###################.............#
##### ##....)...#.... )>..#
#........#.(.. ###.#
####.#########
#.##################..#
#.................##<.####
#########...(.......)[...#
#........⌠.⌠###[.###.....#


You could see a human.

Vanquished Creatures
  Sigmund (D:5)
  Eustachio (D:3)
  A wyvern (D:7)
  4 hogs (D:7)
  Edmund (D:5)
  3 ice beasts
  An orc warrior (D:5)
  A phantom (D:5)
  A black bear (D:6)
  3 sky beasts
  An eye of draining (D:7)
  2 centaurs
  2 ogres
  4 scorpions
  A howler monkey (D:5)
  2 crimson imps (D:5)
  A bullfrog zombie (D:5)
  2 hounds
  2 jellies
  2 bullfrog skeletons
  A centaur skeleton (D:6)
  An iguana (D:5)
  5 worker ants
  A hound zombie (D:5)
  A hound skeleton (D:4)
  A worker ant zombie (D:5)
  4 gnolls (D:5)
  13 adders
  A shadow imp (D:6)
  An adder zombie (D:7)
  4 worms
  5 leopard geckos
  8 orcs
  A ball python (D:4)
  8 bats
  3 giant cockroaches
  5 goblins
  9 hobgoblins
  11 jackals
  3 quokkas
  3 frilled lizards
  A jackal skeleton (D:5)
  6 kobolds
  A leopard gecko skeleton (D:4)
  4 rats
137 creatures vanquished.

Notes
Turn   | Place    | Note
-------+----------+-------------------------------------------
     0 | D:1      | Firecrotchwizard the Minotaur Gladiator began the quest for
                  | the Orb.
     0 | D:1      | Reached XP level 1. HP: 18/18 MP: 0/0
    21 | D:1      | Reached skill level 4 in Long Blades
    21 | D:1      | Reached XP level 2. HP: 22/25 MP: 1/1
   229 | D:1      | Found a glowing golden altar of the Shining One.
   480 | D:2      | Reached skill level 3 in Fighting
   482 | D:2      | Reached XP level 3. HP: 26/31 MP: 2/2
  1226 | D:3      | Reached skill level 5 in Long Blades
  1226 | D:3      | Reached skill level 4 in Dodging
  1226 | D:3      | Reached XP level 4. HP: 28/38 MP: 3/3
  2130 | D:4      | Noticed Eustachio
  2147 | D:3      | Killed Eustachio
  2147 | D:3      | Reached skill level 4 in Fighting
  2147 | D:3      | Reached skill level 6 in Long Blades
  2147 | D:3      | Reached XP level 5. HP: 41/46 MP: 4/4
  2147 | D:3      | Reached XP level 6. HP: 46/52 MP: 5/5
  2325 | D:4      | Reached skill level 5 in Dodging
  2361 | D:4      | Reached skill level 7 in Long Blades
  2634 | D:4      | Found a basalt altar of Yredelemnul.
  2701 | D:5      | Entered Level 5 of the Dungeon
  2704 | D:5      | Reached skill level 5 in Fighting
  2715 | D:5      | Reached XP level 7. HP: 55/61 MP: 6/6
  2717 | D:5      | Found Eseim's Assorted Antiques.
  2727 | D:5      | Bought a tiny jade amulet for 110 gold pieces
  2727 | D:5      | Bought a scale mail for 88 gold pieces
  2878 | D:5      | Reached skill level 8 in Long Blades
  3129 | D:5      | Reached skill level 6 in Fighting
  3129 | D:5      | Reached skill level 6 in Dodging
  3129 | D:5      | Reached XP level 8. HP: 68/70 MP: 7/7
  3138 | D:5      | Found a staircase to the Ecumenical Temple.
  3154 | Temple   | Entered the Ecumenical Temple
  3337 | Temple   | Became a worshipper of Makhleb the Destroyer
  3424 | D:5      | Noticed Sigmund
  3424 | D:5      | Noticed Edmund
  3458 | D:6      | Reached skill level 9 in Long Blades
  3685 | D:5      | Killed Edmund
  3696 | D:5      | Killed Sigmund
  3696 | D:5      | Reached skill level 7 in Fighting
  3696 | D:5      | Reached skill level 10 in Long Blades
  3949 | D:5      | Reached * piety under Makhleb
  4067 | D:5      | Reached skill level 7 in Dodging
  4081 | D:5      | Found a runed translucent door.
  4082 | D:5      | Noticed Crazy Yiuf
  4191 | D:5      | Reached XP level 9. HP: 24/79 MP: 8/8
  4199 | D:5      | HP: 19/79 [poisoned by a scorpion]
  4205 | D:5      | HP: 18/79 [poisoned by a scorpion]
  4213 | D:5      | HP: 18/79 [poisoned by a scorpion]
  4854 | D:7      | Reached skill level 1 in Armour
  4871 | D:7      | Found a sparkling altar of Nemelex Xobeh.
  4917 | D:7      | Reached skill level 11 in Long Blades
  4931 | D:7      | Reached skill level 1 in Invocations
  4989 | D:7      | Found Bostriwing's Assorted Antiques.
  5167 | D:7      | Reached skill level 8 in Fighting
  5167 | D:7      | Reached skill level 2 in Armour
  5289 | D:7      | Reached skill level 2 in Invocations
  5297 | D:7      | Reached skill level 3 in Armour
  5300 | D:7      | HP: 18/82 [hog (8)]
  5306 | D:7      | HP: 3/82 [hog (9)]
  5311 | D:7      | Slain by a human

Levels and vault maps discovered:
D:1:      minmay_arrival_stone_box, layout_basic, tso_metal_star
D:2:      layout_basic, first_ration
D:3:      layout_basic, serial_corexii_hall, chequers_hall_statues_corner_a,
          corexii_hall_statues_deadend, corexii_hall_statues_s,
          corexii_hall_statues_l
D:4:      layout_cave_pools, kennysheep_little_box, uniq_eustachio
D:5:      layout_rooms, minmay_temple_entry_slanted, serial_shops,
          nicolae_shop_overgrown_old_shop, uniq_sigmund,
          uniq_crazy_yiuf_cottage, uniq_edmund
D:6:      layout_rooms
D:7:      layout_rooms, serial_shops, nicolae_shop_statue_plus, grunt_livestock,
          nemelex_xobeh_ov_fountains_minmay
Temple:   roderic_octagonal_lattice_temple

Skill      XL: |  1  2  3  4  5  6  7  8  9 |
---------------+----------------------------+-----
Long Blades    | 4 5 6 7 8 10 11 | 11.8
Fighting       | 3 4 5 6 7 8 |  8.4
Dodging        | 4 5 6 7 |  7.3
Armour         | 3 |  3.2
Invocations    | 2 |  2.7
Throwing       | |  2.0

Action                   |  1- 3 |  4- 6 |  7- 9 || total
-------------------------+-------+-------+-------++-------
Melee: Long sword        |    87 |    92 |   242 ||   421
       Headbutt          |    15 |    19 |    58 ||    92
  Use: Scroll            |     3 |     7 |     2 ||    12
  Eat: Chunk             |     1 |     5 |     5 ||    11
       Ration            |       |       |     1 ||     1
Armor: Leather armour    |     6 |       |       ||     6
       Ring mail         |    12 |    34 |       ||    46
       Scale mail        |       |       |    35 ||    35
       Chain mail        |       |       |    63 ||    63
Dodge: Dodged            |    67 |    79 |   115 ||   261
       Rpst.: Long sword |    21 |    21 |    30 ||    72

Table legend:
 A = Non-vault XP
 B = Vault XP
 C = Vault XP percentage of total XP
 D = Non-vault monster count
 E = Vault monster count
 F = Vault count percentage of total count
                 A         B        C        D         E       F
            +---------+---------+-------+---------+---------+-------
      Total |    3399 |    1385 |  29.0 |     130 |       7 |   5.1
            +---------+---------+-------+---------+---------+-------
        D:1 |      34 |       0 |   0.0 |      21 |       0 |   0.0
        D:2 |      54 |       0 |   0.0 |      18 |       0 |   0.0
        D:3 |     191 |     208 |  52.1 |      13 |       1 |   7.1
        D:4 |     225 |       0 |   0.0 |      14 |       0 |   0.0
        D:5 |    1186 |     396 |  25.0 |      32 |       2 |   5.9
        D:6 |     825 |       0 |   0.0 |      21 |       0 |   0.0
        D:7 |     884 |     781 |  46.9 |      11 |       4 |  26.7
            +---------+---------+-------+---------+---------+-------

Levels and vault maps discovered:
D:1:      minmay_arrival_stone_box, layout_basic, tso_metal_star
D:2:      layout_basic, first_ration
D:3:      layout_basic, serial_corexii_hall, chequers_hall_statues_corner_a,
          corexii_hall_statues_deadend, corexii_hall_statues_s,
          corexii_hall_statues_l
D:4:      layout_cave_pools, kennysheep_little_box, uniq_eustachio
D:5:      layout_rooms, minmay_temple_entry_slanted, serial_shops,
          nicolae_shop_overgrown_old_shop, uniq_sigmund,
          uniq_crazy_yiuf_cottage, uniq_edmund
D:6:      layout_rooms
D:7:      layout_rooms, serial_shops, nicolae_shop_statue_plus, grunt_livestock,
          nemelex_xobeh_ov_fountains_minmay
Temple:   roderic_octagonal_lattice_temple

Table legend:
 A = Turns spent in this place as a percentage of turns spent in the entire game.
 B = Non-inter-level travel turns spent in this place as a percentage of non-inter-level travel turns spent in the entire game.
 C = Inter-level travel turns spent in this place as a percentage of turns spent in this place.
 D = Turns resting spent in this place as a percentage of non-inter-level travel turns spent in this place.
 E = Turns spent auto-exploring this place as a percentage of non-inter-level travel turns spent in this place.
 F = Non-inter-level travel turns spent in this place divided by the number of levels of this place that you've seen.
                   A       B       C       D       E      F
               +-------+-------+-------+-------+-------+----------------------
         Total | 100.0 | 100.0 |   3.1 |  24.6 |  56.5 | 643.0
       Dungeon |  96.0 |  96.2 |   2.9 |  25.6 |  54.9 | 707.3
        Temple |   4.0 |   3.8 |   8.5 |   0.0 |  96.4 | 193.0
               +-------+-------+-------+-------+-------+----------------------

Table legend:
 A = Kills in this place as a percentage of kills in entire the game.
 B = Kills by you in this place as a percentage of kills by you in the entire game.
 C = Kills by friends in this place as a percentage of kills by friends in the entire game.
 D = Other kills in this place as a percentage of other kills in the entire game.
 E = Experience gained in this place as a percentage of experience gained in the entire game.
 F = Experience gained in this place divided by the number of levels of this place that you have seen.
                   A       B       C       D       E      F
               +-------+-------+-------+-------+-------+----------------------
         Total | 100.0 | 100.0 |   N/A |   N/A | 100.0 | 598.0
       Dungeon | 100.0 | 100.0 |   N/A |   N/A | 100.0 | 683.4
               +-------+-------+-------+-------+-------+----------------------
